 Dungeon Crawl Stone Soup version 0.30-a0-585-g93115170b9 (webtiles) character file.

Game seed: 8150917846830149133

1192 themarg the Insei (level 8, -8/59 (61) HPs)
             Began as a Gnoll Transmuter on Jan 2, 2023.
             Was a Follower of Kikubaaqudgha.
             Mangled by Crazy Yiuf
             ... wielding a +2 quarterstaff of chaos
              (16 damage)
             ... while paralysed by Crazy Yiuf
             ... on level 4 of the Dungeon.
             The game lasted 00:08:25 (3944 turns).

themarg the Insei (Gnoll Transmuter)                Turns: 3944, Time: 00:08:26

HP:   -8/59 (61)    AC:  2    Str:  9    XL:     8   Next: 43%
MP:   15/17         EV:  5    Int: 15    God:    Kikubaaqudgha [*.....]
Gold: 195           SH:  0    Dex: 18    Spells: 13/19 levels left

rFire   . . .      SeeInvis .      - Unarmed
rCold   . . .      Faith    .    (shield currently unavailable)
rNeg    . . .      Spirit   .    (body armour currently unavailable)
rPois   x          Reflect  .    (helmet currently unavailable)
rElec   .          Harm     .    (cloak currently unavailable)
rCorr   .          Rampage  .    (gloves currently unavailable)
Will    .....                    (boots currently unavailable)
Stlth   +++                      (no amulet)
HPRegen 0.29/turn                (no ring)
MPRegen 0.15/turn                (no ring)

@: paralysed, spider-form, hasted, lightly drained
A: venomous fangs, tiny, (fangs 1), strong nose, distributed training
a: End Transformation, Renounce Religion, Unearth Wretches


You were on level 4 of the Dungeon.
You worshipped Kikubaaqudgha.
Kikubaaqudgha was aware of your devotion.
You were a venomous arachnid creature.
You visited 1 branch of the dungeon, and saw 4 of its levels.

You collected 195 gold pieces.

Inventory:

Hand Weapons
 f - a +0 short sword (melded)
Missiles
 d - 8 stones
 g - 7 boomerangs
 l - 11 poisoned darts
Armour
 a - a +0 robe (melded)
 j - a +1 helmet (melded)
 s - a +0 pair of boots
Scrolls
 c - 2 scrolls of fear
 i - a scroll of poison {unknown}
 r - 2 scrolls of teleportation
 t - a scroll of immolation {unknown}
 v - a scroll of silence {unknown}
 w - a scroll of noise {unknown}
 x - a scroll of amnesia {unknown}
Potions
 b - a potion of lignification
 e - a potion of curing
 h - a potion of degeneration
 k - 2 potions of cancellation
 m - a potion of berserk rage
 n - a potion of mutation {unknown}
 o - a potion of haste {unknown}
 p - a potion of heal wounds {unknown}
 q - a potion of invisibility {unknown}
 u - 2 potions of might {unknown}


   Skills:
 + Level 4.3 Fighting
 + Level 3.4 Short Blades
 + Level 3.4 Long Blades
 + Level 3.4 Axes
 + Level 3.4 Maces & Flails
 + Level 3.4 Polearms
 + Level 3.4 Staves
 + Level 3.4 Ranged Weapons
 + Level 3.4 Throwing
 + Level 3.4 Armour
 + Level 5.7 Dodging
 + Level 3.4 Stealth
 + Level 3.4 Shields
 + Level 7.4 Unarmed Combat
 + Level 6.1 Spellcasting
 + Level 2.7 Conjurations
 + Level 2.7 Hexes
 + Level 2.7 Summonings
 + Level 2.7 Necromancy
 + Level 2.7 Translocations
 + Level 4.7 Transmutations
 + Level 2.7 Fire Magic
 + Level 2.7 Ice Magic
 + Level 2.7 Air Magic
 + Level 2.7 Earth Magic
 + Level 2.7 Poison Magic
 + Level 3.7 Invocations
 + Level 3.4 Evocations


You had 13 spell levels left.
You knew the following spells:

 Your Spells              Type           Power      Damage    Failure   Level
a - Beastly Appendage     Tmut           36%        N/A       8%          1
b - Wereblood             Tmut           18%        N/A       11%         2
c - Spider Form           Tmut/Pois      15%        N/A       24%         3

Your spell library contained the following spells:

 Spells                   Type           Power      Damage    Failure   Level
 Necrotise                Necr           48%        1d6       14%         1
 Sandblast                Erth           24%        2d8       14%         1
 Passwall                 Tmut/Erth      12%        N/A       14%         2
 Cigotuvi's Dreadful Rot  Necr/Pois/Air  24%        N/A       19%         2
 Sublimation of Blood     Necr           12%        N/A       19%         2
 Stone Arrow              Conj/Erth      24%        3d8       32%         3
 Tukima's Dance           Hex            12%        N/A       32%         3
 Vampiric Draining        Necr           12%        2d6       32%         3
 Ice Form                 Ice/Tmut       15%        N/A       52%         4
 Passage of Golubria      Tloc           12%        N/A       65%         4
 Yara's Violent Unravell  Hex/Tmut       7%         3d5       83%         5


Dungeon Overview and Level Annotations

Branches:
Dungeon (4/15)             Temple (0/1) D:4

Altars:
Kikubaaqudgha
Wu Jian

Annotations:
D:4 Crazy Yiuf


Innate Abilities, Weirdness & Mutations

You are a venomous arachnid creature.
You have poisonous fangs.
You are tiny and dextrous.
Your spellcasting is less reliable in this form.
Your armour is entirely melded.
You are incapable of wielding weapons or throwing items.
((You have very sharp teeth.))
Your uncanny sense of smell can sniff out nearby items.
Your experience applies equally to all skills.


Message History

There is an open door here.
Your transformation has ended.
Your +0 short sword unmelds from your body.
Your +1 helmet unmelds from your body.
Your +0 robe unmelds from your body.
Found four hammers.
Found a runed translucent door.
Crazy Yiuf shouts!
You turn into a venomous arachnid creature.
Your +0 short sword melds into your body.
Your +1 helmet melds into your body.
Your +0 robe melds into your body.
You open the door. You hit Crazy Yiuf.
Crazy Yiuf is poisoned.
Crazy Yiuf is lightly wounded.
You hit Crazy Yiuf.
Crazy Yiuf looks as sick as possible!
Crazy Yiuf is moderately wounded.
Crazy Yiuf drinks a potion.
Crazy Yiuf is healed!
Crazy Yiuf looks more healthy.
You hit Crazy Yiuf but do no damage.
Crazy Yiuf is poisoned.
Crazy Yiuf barely misses you.
You completely miss Crazy Yiuf.
Crazy Yiuf is lightly wounded.
Crazy Yiuf completely misses you.
You bite Crazy Yiuf!
Crazy Yiuf is heavily wounded.
Crazy Yiuf hits you with a +2 quarterstaff of chaos!
You suddenly lose the ability to move!
Crazy Yiuf hits you with a +2 quarterstaff of chaos!
You feel drained.
Crazy Yiuf flaps his cloak.
Crazy Yiuf hits you with a +2 quarterstaff of chaos!
You feel yourself speed up.
Crazy Yiuf hits you with a +2 quarterstaff of chaos!
Crazy Yiuf freezes you.
* * * LOW HITPOINT WARNING * * *
Crazy Yiuf hits you with a +2 quarterstaff of chaos!
* * * LOW HITPOINT WARNING * * *
Crazy Yiuf freezes you.
* * * LOW HITPOINT WARNING * * *
Crazy Yiuf hits you with a +2 quarterstaff of chaos!
You die...
Kikubaaqudgha rasps: "You have failed me!
Welcome... death!"

...#.#####........###.........###
#.##.## ##.....#.# ##.......##
###...# ##......# ##.....## #...#
######## ###..## ##...# #..#
#...## #..# ##.#.# ### ♣♣##..#
...#)# #)))#♣♣ ♣♣.....# ####.#
#..)gs♣♣♣♣......## ..)#.#
#...#♣..♣..♣.....# .#...# ###
♣♣♣.♣......## .##..##
♣♣♣♣♣##..###### ..##..# #........
#.)##.# #..###### ##....#####
#.## .##.......# #.#
......###.######## #.#


You could see Crazy Yiuf (poisoned).

Vanquished Creatures
  Pikel (D:4)
  An orc warrior (D:4)
  An ice beast (D:4)
  2 ogres (D:4)
  A lemure (D:4)
  A scorpion (D:2)
  2 jellies (D:4)
  3 orc priests (D:4)
  2 iguanas
  An orc wizard (D:4)
  4 adders
  3 worms
  4 dart slugs
  7 orcs (D:4)
  4 ball pythons
  A bat (D:1)
  9 endoplasms
  3 giant cockroaches
  5 goblins
  5 hobgoblins
  2 jackals (D:2)
  6 quokkas
  3 frilled lizards
  3 kobolds
  6 rats
80 creatures vanquished.

Notes
Turn   | Place    | Note
-------+----------+-------------------------------------------
     0 | D:1      | themarg the Gnoll Transmuter began the quest for the Orb.
     0 | D:1      | Reached XP level 1. HP: 17/17 MP: 6/6
   279 | D:1      | Reached XP level 2. HP: 21/23 MP: 5/7
   282 | D:1      | Learned a level 2 spell: Wereblood
   539 | D:1      | Reached skill level 5 in Spellcasting
   539 | D:1      | Reached XP level 3. HP: 26/28 MP: 6/9
   543 | D:1      | Learned a level 3 spell: Spider Form
  1155 | D:2      | Reached skill level 1 in Invocations
  1202 | D:2      | Noticed a scorpion
  1209 | D:2      | Killed a scorpion
  1210 | D:2      | Reached skill level 1 in Short Blades
  1210 | D:2      | Reached skill level 1 in Long Blades
  1210 | D:2      | Reached skill level 1 in Axes
  1210 | D:2      | Reached skill level 1 in Maces & Flails
  1210 | D:2      | Reached skill level 1 in Polearms
  1210 | D:2      | Reached skill level 1 in Staves
  1210 | D:2      | Reached skill level 1 in Ranged Weapons
  1210 | D:2      | Reached skill level 1 in Throwing
  1210 | D:2      | Reached skill level 1 in Armour
  1210 | D:2      | Reached skill level 1 in Stealth
  1210 | D:2      | Reached skill level 1 in Shields
  1210 | D:2      | Reached skill level 1 in Conjurations
  1210 | D:2      | Reached skill level 1 in Hexes
  1210 | D:2      | Reached skill level 1 in Summonings
  1210 | D:2      | Reached skill level 1 in Necromancy
  1210 | D:2      | Reached skill level 1 in Translocations
  1210 | D:2      | Reached skill level 1 in Fire Magic
  1210 | D:2      | Reached skill level 1 in Ice Magic
  1210 | D:2      | Reached skill level 1 in Air Magic
  1210 | D:2      | Reached skill level 1 in Earth Magic
  1210 | D:2      | Reached skill level 1 in Poison Magic
  1210 | D:2      | Reached skill level 1 in Evocations
  1210 | D:2      | Reached XP level 4. HP: 28/34 MP: 3/11
  1993 | D:3      | Reached XP level 5. HP: 38/40 MP: 6/12
  2169 | D:3      | Found an ancient bone altar of Kikubaaqudgha.
  2175 | D:3      | Became a worshipper of Kikubaaqudgha
  2564 | D:4      | Noticed a lemure
  2571 | D:4      | Killed a lemure
  2572 | D:4      | Noticed Pikel
  2572 | D:4      | Noticed a lemure
  2572 | D:4      | Noticed a lemure
  2572 | D:4      | Noticed a lemure
  2587 | D:4      | HP: 2/41 [Pikel/+0 whip of freezing (1)]
  2588 | D:4      | Killed Pikel
  2589 | D:4      | Reached skill level 5 in Dodging
  2589 | D:4      | Reached skill level 7 in Unarmed Combat
  2589 | D:4      | Reached XP level 6. HP: 11/48 MP: 11/14
  2589 | D:4      | Reached XP level 7. HP: 13/53 MP: 11/15
  2961 | D:4      | Found a staircase to the Ecumenical Temple.
  3057 | D:4      | Reached XP level 8. HP: 35/60 MP: 13/16
  3813 | D:4      | Found an ornate altar of the Wu Jian Council.
  3886 | D:4      | Reached * piety under Kikubaaqudgha
  3886 | D:4      | Received a gift from Kikubaaqudgha
  3929 | D:4      | Found a runed translucent door.
  3930 | D:4      | Noticed Crazy Yiuf
  3939 | D:4      | Paralysed by Crazy Yiuf for 5 turns
  3944 | D:4      | Mangled by Crazy Yiuf

Illustrated notes

Levels and vault maps discovered:
D:1:      minmay_arrival_five_plusses, layout_basic, minmay_bisected
D:2:      layout_basic
D:3:      layout_basic, old_standard_altar, kiku_gazebo_pond_becter
D:4:      layout_loops_corners, nicolae_overflow_hidden_temple,
          minmay_temple_entry_waves, kennysheep_generic_room_7, uniq_pikel,
          uniq_crazy_yiuf_cottage

Skill      XL: |  1  2  3  4  5  6  7  8 |
---------------+-------------------------+-----
Spellcasting   | 5 6 |  6.1
Invocations    | 1 2 3 |  3.7
Short Blades   | 1 2 3 |  3.4
Long Blades    | 1 2 3 |  3.4
Axes           | 1 2 3 |  3.4
Maces & Flails | 1 2 3 |  3.4
Polearms       | 1 2 3 |  3.4
Staves         | 1 2 3 |  3.4
Ranged Weapons | 1 2 3 |  3.4
Throwing       | 1 2 3 |  3.4
Armour         | 1 2 3 |  3.4
Stealth        | 1 2 3 |  3.4
Shields        | 1 2 3 |  3.4
Conjurations   | 1 2 |  2.7
Hexes          | 1 2 |  2.7
Summonings     | 1 2 |  2.7
Necromancy     | 1 2 |  2.7
Translocations | 1 2 |  2.7
Fire Magic     | 1 2 |  2.7
Ice Magic      | 1 2 |  2.7
Air Magic      | 1 2 |  2.7
Earth Magic    | 1 2 |  2.7
Poison Magic   | 1 2 |  2.7
Evocations     | 1 2 3 |  3.4
Fighting       | 3 4 |  4.3
Transmutations | 4 |  4.7
Dodging        | 5 |  5.7
Unarmed Combat | 7 |  7.4

Action                   |  1- 3 |  4- 6 |  7- 9 || total
-------------------------+-------+-------+-------++-------
Melee: Unarmed           |    61 |    86 |    84 ||   231
       Kick              |     5 |     2 |       ||     7
       Bite              |     3 |     1 |       ||     4
       Headbutt          |     4 |       |       ||     4
       Punch             |     1 |     2 |       ||     3
       Short sword       |       |     7 |     1 ||     8
 Cast: Beastly Appendage |    14 |     1 |       ||    15
       Spider Form       |     1 |    20 |    16 ||    37
       Wereblood         |       |       |     1 ||     1
  Use: Scroll            |       |     2 |     4 ||     6
       Potion            |       |     1 |       ||     1
 Stab: Sleeping          |     1 |     2 |     2 ||     5
Armor: Robe              |     4 |     1 |       ||     5
       Skin              |       |     3 |       ||     3
Dodge: Dodged            |    27 |    49 |    47 ||   123

Table legend: (Time is in decaauts)
 A = Elapsed time spent in this place.
 B = Non-inter-level travel time spent in this place.
 C = Inter-level travel time spent in this place.
 D = Time resting spent in this place.
 E = Time spent auto-exploring this place.
 F = Levels seen in this place.
 G = Mean time per level.
                   A        B        C        D        E       F      G
               +--------+--------+--------+--------+--------+-----+--------+
         Total |   3912 |   3872 |     40 |    128 |   3044 |   4 |  978.0 |
       Dungeon |   3912 |   3872 |     40 |    128 |   3044 |   4 |  978.0 |
               +--------+--------+--------+--------+--------+-----+--------+

Top non-repeatable levels by time:
     D:4: 1367 daAuts
     D:1: 1057 daAuts
     D:3: 768 daAuts
     D:2: 719 daAuts
